 Dungeon Crawl Stone Soup version 0.21-a0-225-g207ae17 (webtiles) character file.

385 Gorglomux the Sneak (level 6, 0/42 HPs)
             Began as an Octopode Artificer on Aug 29, 2017.
             Was an Initiate of Dithmenos.
             Slain by a crimson imp (2 damage)
             ... on level 5 of the Dungeon.
             The game lasted 00:07:39 (4148 turns).

Gorglomux the Sneak (Octopode Artificer)            Turns: 4148, Time: 00:07:40

Health: 0/42       AC: -1    Str: 11    XL:     6   Next: 77%
Magic:  8/8        EV: 15    Int: 15    God:    Dithmenos [......]
Gold:   282        SH:  0    Dex: 13    Spells: 5/5 levels left

rFire    . . .     SeeInvis .   a - +2 rapier (drain)
rCold    . . .     Gourm    .   (no shield)
rNeg     . . .     Faith    .   (helmet restricted)
rPois    .         Spirit   .   (no amulet)
rElec    .         Reflect  .   K - -2 ring of protection (curse)
rCorr    .         Harm     .   m - ring of protection from magic
MR       +....                  P - ring of loudness (curse)
Stlth    +++.......             (no ring)
HPRegen  0.14/turn              (no ring)
MPRegen  0.11/turn              (no ring)
                                (no ring)
                                (no ring)

@: lethally poisoned (0 -> -2)
A: almost no armour, stealthy swim, amphibious, 8 rings, constrict 8, camouflage
1, gelatinous body 1
a: Renounce Religion


You were on level 5 of the Dungeon.
You worshipped Dithmenos.
Dithmenos was noncommittal.
You were not hungry.

You visited 1 branch of the dungeon, and saw 5 of its levels.

You collected 282 gold pieces.

Inventory:

Hand Weapons
 a - a +2 rapier of draining (weapon)
 b - a +2 dagger of venom
Jewellery
 m - a ring of protection from magic (right tentacle)
 K - a cursed -2 ring of protection (left tentacle)
 P - a cursed ring of loudness (on tentacle)
Wands
 d - a wand of random effects (14/48)
 E - a wand of enslavement (15/24)
 L - a wand of lightning (9/15)
 Q - a wand of flame (15/48)
 S - a wand of scattershot (2/9)
Scrolls
 B - a scroll of blinking
 H - 2 scrolls of remove curse {unknown}
 I - 2 scrolls of enchant weapon
 R - 6 scrolls of identify
 T - 3 scrolls of teleportation
 X - a scroll of enchant armour {unknown}
Potions
 J - a potion of haste {unknown}
 M - a potion of flight {unknown}
 O - 2 potions of brilliance {unknown}
 U - a potion of resistance {unknown}
 W - a potion of might {unknown}
 Y - a potion of curing {unknown}
Books
 N - a book of Cantrips

   Spells                             Type                      Level
   a - Confusing Touch                Hexes                        1
   b - Animate Skeleton               Necromancy                   1
   c - Summon Small Mammal            Summoning                    1
   d - Apportation                    Translocation                1
Comestibles
 f - 2 bread rations
 z - a meat ration
 V - 2 royal jellies


   Skills:
 + Level 3.3 Fighting
 + Level 3.3 Short Blades
 + Level 3.8 Dodging
 + Level 4.8 Stealth
 - Level 3.2 Evocations


You had 5 spell levels left.
You didn't know any spells.

Dungeon Overview and Level Annotations

Branches:
Dungeon (5/15)
 Temple: D:4-7

Altars:
Dithmenos
Zin

Shops:
D:4 }=!(


Innate Abilities, Weirdness & Mutations

You cannot wear most types of armour.
You are very stealthy in the water. (Stealth+)
You are amphibious.
You can wear up to eight rings at the same time.
You can use your tentacles to constrict eight enemies at once.
Your skin changes colour to match your surroundings (Stealth+).
Your rubbery body absorbs attacks. (AC +1, EV +1)


Message History

Dithmenos roars: ANNIHILATED!
Unknown command!
Unknown command!
Okay, then!
Your +2 dagger of venom stops dripping with poison!
You sense an unholy aura!
a - a +2 rapier of draining (weapon)
The crimson imp barely misses you!
You stick the crimson imp like a pincushion!
Your grab misses the crimson imp!
The butt imp is moderately wounded!
The crimson imp misses you!
All of the chunks of flesh in your inventory have rotted away!
There are monsters nearby!!!
You barely miss the adder! You grab the adder!
You butt the adder!
The adder bites you! * * * don't die
* * * You are lethally poisoned!!!
The adder poisons you!!! The crimson imp hits you! rip

#..# #.# #.##.#####
#..####.#### #S##.#
#..........# #5##.#
#.#......#.# #l##.#
#.#.######.# #..#!#
#.#.# #.# ##.#.# #.#.#
#.# #...#
#.#.######.#########..#
#.#..........5@S.....>#
#.#.######.############
#........#.#######
#...#......#.....#
#.....##.###.....#
#................#
#...<....###.....#
#....#...# #.....#
.......##### #.....#


You could see a crimson imp and an adder.

Vanquished Creatures
  An ogre (D:4)
  A scorpion (D:5)
  A quasit (D:3)
  A bullfrog skeleton (D:4)
  A worker ant (D:4)
  A hound skeleton (D:5)
  4 adders
  A shadow imp (D:4)
  An ooze (D:2)
  An adder skeleton (D:4)
  3 worms
  2 dart slugs
  4 leopard geckos
  5 orcs
  2 ball pythons (D:3)
  3 bats
  8 giant cockroaches
  9 goblins
  11 hobgoblins
  2 jackals (D:1)
  2 frilled lizards
  14 kobolds
  8 rats
86 creatures vanquished.

Notes
Turn   | Place    | Note
-------+----------+-------------------------------------------
     0 | D:1      | Gorglomux the Octopode Artificer began the quest for the Orb.
     0 | D:1      | Reached XP level 1. HP: 13/13 MP: 3/3
    97 | D:1      | Reached XP level 2. HP: 18/18 MP: 4/4
   410 | D:1      | Reached skill level 2 in Stealth
   923 | D:2      | Reached XP level 3. HP: 23/23 MP: 5/5
  1178 | D:2      | Reached skill level 3 in Stealth
  1481 | D:2      | Reached XP level 4. HP: 29/29 MP: 6/6
  1947 | D:3      | Reached skill level 3 in Dodging
  2351 | D:3      | Reached XP level 5. HP: 25/35 MP: 7/7
  2534 | D:4      | Found Zaomnamo's Jewellery Emporium.
  2543 | D:4      | Found a glowing silver altar of Zin.
  2798 | D:4      | Reached skill level 4 in Stealth
  2884 | D:4      | Found Sots's Weapon Shoppe.
  2895 | D:4      | Noticed an ogre
  3210 | D:4      | Reached XP level 6. HP: 8/41 MP: 8/8
  3472 | D:4      | Found Pidwaici's Distillery.
  3494 | D:4      | Found Cohu's Gadget Shoppe.
  3636 | D:4      | Found a shadowy altar of Dithmenos.
  3668 | D:4      | Became a worshipper of Dithmenos the Shadowed
  3732 | D:4      | Reached skill level 3 in Fighting
  3732 | D:4      | Reached skill level 3 in Short Blades
  3887 | D:5      | Entered Level 5 of the Dungeon
  4094 | D:5      | HP: 2/42 [poisoned by a scorpion]
  4148 | D:5      | HP: 2/42 [adder (4)]
  4148 | D:5      | Slain by a crimson imp

Vault maps used:
D:1:      minmay_arrival_pointy, minmay_misc_feat_columns, st_stairs_5,
          nrook_mini_vaults
D:3:      minmay_misc_feat_tiny, minmay_randomly_rotated_circles
D:4:      cheibrodos_greedy_goblins, grunt_dithmenos_shadows,
          nicolae_overflow_crystal_walls, serial_shops, shop, kennysheep_mini,
          shop, shop
D:5:      first_bread

Skill      XL: |  1  2  3  4  5  6 |
---------------+-------------------+-----
Stealth        | 2 3 4 |  4.8
Fighting       | 2 3 |  3.3
Dodging        | 3 |  3.8
Short Blades   | 2 3 |  3.3
Evocations     | |  3.2

Action                   |  1- 3 |  4- 6 || total
-------------------------+-------+-------++-------
Melee: Short sword       |    59 |    29 ||    88
       Constrict         |    15 |    24 ||    39
       Tentacles         |     9 |    14 ||    23
       Rapier            |       |    55 ||    55
       Dagger            |       |    17 ||    17
Evoke: Wand              |     1 |       ||     1
  Use: Scroll            |     6 |     1 ||     7
       Potion            |       |     2 ||     2
 Stab: Sleeping          |     7 |    12 ||    19
  Eat: Chunk             |     2 |     8 ||    10
Armor: Skin              |     3 |       ||     3
Dodge: Dodged            |    28 |    73 ||   101

Table legend:
 A = Spawn XP
 B = Non-spawn XP
 C = Spawn XP percentage of total XP
 D = Spawn monster count
 E = Non-spawn monster count
 F = Spawn count percentage of total count
 G = Total turns spent on level
                    A         B        C        D         E        F      G
               +---------+---------+-------+---------+---------+-------+---------
         Total |      31 |     520 |   5.6 |       5 |      81 |   5.8 |  4148
               +---------+---------+-------+---------+---------+-------+---------
           D:1 |       0 |      30 |   0.0 |       0 |      17 |   0.0 |   820
           D:2 |       2 |      50 |   3.8 |       1 |      14 |   6.7 |   824
           D:3 |      15 |     108 |  12.2 |       2 |      28 |   6.7 |  1151
           D:4 |      14 |     238 |   5.6 |       2 |      18 |  10.0 |  1092
           D:5 |       0 |      94 |   0.0 |       0 |       4 |   0.0 |   261
               +---------+---------+-------+---------+---------+-------+---------
